 Dungeon Crawl Stone Soup version 0.16-a0-3171-gce70061 (webtiles) character file.

28 Ololoev the Chopper (level 3, -14/29 HPs)
             Began as a Mummy Chaos Knight on Dec 16, 2014.
             Was a Plaything of Xom.
             Demolished by a fire vortex (42 damage)
             ... summoned by the capriciousness of Xom
             ... on level 1 of the Dungeon.
             The game lasted 00:01:25 (901 turns).

Ololoev the Chopper (Mummy Chaos Knight)             Turns: 901, Time: 00:01:26

Health: -14/29     AC:  5    Str: 16    XL:     3   Next: 0%
Magic:  3/3        EV: 11    Int: 11    God:    Xom [*.....]
Gold:   77         SH:  0    Dex: 11    Spells: 0 memorised, 2 levels left

rFire  x . .     SeeInvis .     a - +0 hand axe (chaos)
rCold  + . .     Clarity  .     b - +2 leather armour
rNeg   + + +     SustAb   .     (no shield)
rPois  ∞         Gourm    .     (no helmet)
rElec  .         Spirit   .     (no cloak)
rCorr  .         Warding  .     (no gloves)
rMut   .         Stasis   .     (no boots)
MR     .....                    (no amulet)
Stlth  +.........               (no ring)
                                (no ring)

@: not resistant to hostile enchantments, very unstealthy
A: no food or potions, fire vulnerability, restore body, cold resistance 1,
negative energy resistance 3, poison resistance, torment resistance, unbreathing
a: Renounce Religion


You were on level 1 of the Dungeon.
You worshipped Xom.
You were a special plaything of Xom.
You were not hungry.

You visited 1 branch of the dungeon, and saw 1 of its levels.

You collected 77 gold pieces.

Notes
Turn   | Place    | Note
--------------------------------------------------------------
     0 | D:1      | Ololoev, the Mummy Chaos Knight, began the quest for the Orb.
     0 | D:1      | Reached XP level 1. HP: 18/18 MP: 1/1
    42 | D:1      | XOM: harmless Fire miscast
   126 | D:1      | XOM: divination: detect creatures
   159 | D:1      | XOM: silly message
   171 | D:1      | XOM: harmless Ice miscast
   201 | D:1      | Reached XP level 2. HP: 8/24 MP: 2/2
   319 | D:1      | XOM: divination: magic mapping
   414 | D:1      | XOM: silly message
   503 | D:1      | XOM: divination: detect items
   519 | D:1      | XOM: harmless Divn miscast
   661 | D:1      | XOM: harmless Hex miscast
   689 | D:1      | XOM: harmless Divn miscast
   783 | D:1      | Reached XP level 3. HP: 27/29 MP: 3/3
   899 | D:1      | XOM is BORED!
   899 | D:1      | XOM: mild Fire miscast
   900 | D:1      | Noticed a fire vortex
   900 | D:1      | Noticed a fire vortex
   901 | D:1      | Demolished by a fire vortex

Inventory:

Hand weapons
 a - a +0 hand axe of chaos (weapon)
Armour
 b - a +2 leather armour (worn)
Scrolls
 c - a scroll of identify {unknown}
 d - a scroll of fear {unknown}
 e - a scroll of fog {unknown}

Table legend:
 A = Turns spent in this place as a percentage of turns spent in the entire game.
 B = Non-inter-level travel turns spent in this place as a percentage of non-inter-level travel turns spent in the entire game.
 C = Inter-level travel turns spent in this place as a percentage of turns spent in this place.
 D = Turns resting spent in this place as a percentage of non-inter-level travel turns spent in this place.
 E = Turns spent auto-exploring this place as a percentage of non-inter-level travel turns spent in this place.
 F = Non-inter-level travel turns spent in this place divided by the number of levels of this place that you've seen.
                   A       B       C       D       E      F
               +-------+-------+-------+-------+-------+----------------------
         Total | 100.0 | 100.0 |   0.3 |   3.3 |  13.7 | 299.0
       Dungeon | 100.0 | 100.0 |   0.3 |   3.3 |  13.7 | 299.0
               +-------+-------+-------+-------+-------+----------------------


   Skills:
 - Level 3.0 Fighting
 * Level 3.1 Axes
 + Level 2.0 Armour
 - Level 0.7 Dodging


You had 2 spell levels left.
You didn't know any spells.

Dungeon Overview and Level Annotations

Branches:
Dungeon (1/15)

Altars:


Innate Abilities, Weirdness & Mutations

You do not eat or drink.
Your flesh is vulnerable to fire.
Your flesh is cold resistant.
You are immune to negative energy.
Your system is resistant to poisons.
You are immune to unholy pain and torment.
You can survive without breathing.


Message History

The kobold is severely wounded.
You hit the kobold.
The kobold is severely wounded.
The kobold misses you. The kobold closely misses you.
The helpless kobold fails to defend itself.
You hit the kobold.
You kill the kobold!
You have reached level 3!
Your experience leads to an increase in your attributes!
Increase (S)trength, (I)ntelligence, or (D)exterity?
You feel stronger.
You see here a stone.
You see here a stone.
HP restored.
Really walk into that teleport trap?
You enter a teleport trap!
The teleport trap disappears.
Your surroundings suddenly seem different.
Xom is getting BORED.
Xom is getting BORED.
Xom is getting BORED.
You see here a stone.
Things that are here:
a club; 7 stones; a kobold corpse Xom is getting BORED.
You are now a BORING thing.
You see here a stone.
You see here a stone.
Xom notices you. Fire whirls out from your feet!
You are now a special plaything of Xom. 2 fire vortices come into view.
There are monsters nearby!
There are monsters nearby!
There are monsters nearby!
The fire vortex hits you. The fire vortex burns you!
The fire burns you terribly!
Xom thinks this is hilarious!
Ouch! That really hurt!
You die...
Xom guffaws!

§≈≈#.........###.# #.# #
≈≈≈+......###.#.## #.# #
§≈≈######## ##.)# #.# #'# #..#
######.##### ..# #..#
#v.........# ###
#.(###.####.###.# ####
#######..#.....##.# #.# ...#
###.......(#.....##.# #.#
##.###..........@........###.####
##.....#.###.#.##.....##.....†...
#..#.#...# #.#....÷..............
#........###.######.########.####
#..#.#.......# #.########.# ##
........(.#### #..........# #.
.##.......# ############ #.
..#.......# #. #..(#.....# #.


You could see a fire vortex.

Table legend:
 A = Kills in this place as a percentage of kills in entire the game.
 B = Kills by you in this place as a percentage of kills by you in the entire game.
 C = Kills by friends in this place as a percentage of kills by friends in the entire game.
 D = Other kills in this place as a percentage of other kills in the entire game.
 E = Experience gained in this place as a percentage of experience gained in the entire game.
 F = Experience gained in this place divided by the number of levels of this place that you have seen.
                   A       B       C       D       E      F
               +-------+-------+-------+-------+-------+----------------------
         Total | 100.0 | 100.0 |  -nan |  -nan | 100.0 |  41.0
       Dungeon | 100.0 | 100.0 |  -nan |  -nan | 100.0 |  41.0
               +-------+-------+-------+-------+-------+----------------------

Vanquished Creatures
  2 giant geckos (D:1)
  A bat (D:1)
  A giant cockroach (D:1)
  A goblin (D:1)
  6 hobgoblins (D:1)
  3 jackals (D:1)
  4 kobolds (D:1)
  A giant newt (D:1)
  3 rats (D:1)
22 creatures vanquished.

Action                   || total
-------------------------++-------
Melee: Hand axe          ||    57
 Stab: Petrifying        ||     1

Vault maps used:
D:1:      minmay_arrival_split_and_join, serial_glass, glass_columns_a,
          glass_columns_a, minmay_liquid_box, hex_tiny, minmay_cupped
